 Dungeon Crawl Stone Soup version 0.31-a0-1388-g4b2ba238e7 (webtiles) character file.

Game seed: 8058514862361725796

206 grandjackal the Trooper (level 5, -3/42 HPs)
             Began as a Demonspawn Gladiator on Dec 24, 2023.
             Killed from afar by Ijyb (18 damage)
             ... with a bolt of acid
             ... on level 4 of the Dungeon.
             The game lasted 00:02:05 (2173 turns).

grandjackal the Trooper (Demonspawn Gladiator)      Turns: 2173, Time: 00:02:05

Health: -3/42      AC:  4    Str: 15    XL:     5   Next: 53%
Magic:  5/5        EV: 12    Int:  8    God:
Gold:   195        SH:  0    Dex: 16    Spells: 4/4 levels left

rFire   . .          .
                       - Unarmed
rCold   . . .        (no shield)
rNeg    . . .        b - +0 leather armour
rPois   .            c - +0 helmet
rElec   .            (no cloak)
rCorr   .            (no gloves)
SInv    .            (no boots)
Will    .....        (no amulet)
Stlth   +            (no ring)
HPRegen 0.27/turn    (no ring)
MPRegen 0.09/turn

%: no passive effects
@: no status effects
A: spiny 1, weakness stinger 1, demonic touch 2
a: no special abilities


You were on level 4 of the Dungeon.
You visited 1 branch of the dungeon, and saw 4 of its levels.

You collected 195 gold pieces.

Inventory:

Missiles
 d - a throwing net (quivered)
 e - a javelin
Armour
 b - a +0 leather armour (worn)
 c - a +0 helmet (worn)
Wands
 o - a wand of iceblast (7)
Scrolls
 f - 3 scrolls of identify {unknown}
 h - 3 scrolls of teleportation {unknown}
 j - a scroll of noise {unknown}
 l - a scroll of enchant weapon {unknown}
 n - a scroll of fear {unknown}
Potions
 a - a potion of attraction {unknown}
 g - a potion of cancellation {unknown}
 i - a potion of enlightenment {unknown}
 k - a potion of ambrosia {unknown}
 m - 2 potions of curing {unknown}
 p - a potion of resistance {unknown}


   Skills:
 + Level 4.2 Fighting
 - Level 3.1 Long Blades
 - Level 2.0 Throwing
 - Level 3.0 Dodging
 + Level 2.7 Unarmed Combat


You had 4 spell levels left.
You didn't know any spells.
Your spell library contained the following spells:

 Spells                   Type           Power      Damage    Failure   Level
 Sandblast                Erth           0%         2d4       47%         1
 Passwall                 Alch/Erth      0%         N/A       63%         2
 Stone Arrow              Conj/Erth      0%         3d7       85%         3
 Brom's Barrelling Bould  Conj/Erth      0%         2d3       99%         4


Dungeon Overview and Level Annotations

Branches:
Dungeon (4/15)
 Temple: D:4-7

Altars:

Annotations:
D:4 Ijyb


Innate Abilities, Weirdness & Mutations

You are partially covered in sharp spines.
You have a small tail.
Your touch may inflict irresistible damage on your foes.


Message History

The ogre is struck by your spines. The ogre closely misses you.
Ijyb hits you with a +0 dagger.
Throw: 3 throwing nets
Press: ? - help, Q - select action, (/) - cycle Shift-Dir - straight line, f - ogre
Aim: an ogre, wielding a +0 giant club (heavily wounded, 74% to hit)
You throw a throwing net.
The throwing net closely misses the ogre.
The ogre misses you. Ijyb hits you with a +0 dagger.
Throw: 2 throwing nets
Press: ? - help, Q - select action, (/) - cycle Shift-Dir - straight line, f/p - ogre
Aim: an ogre, wielding a +0 giant club (heavily wounded, 74% to hit)
You throw a throwing net. The throwing net hits the ogre.
The ogre is caught in the net!
The ogre is heavily wounded.
Ijyb is struck by your spines. Ijyb hits you with a +0 dagger.
You hit the ogre but do no damage.
The ogre is heavily wounded.
The ogre struggles against the net.
Ijyb screams, "Get away!"
Ijyb is struck by your spines. Ijyb hits you but does no damage.
You hit the ogre.
You touch the ogre!
The ogre is almost dead.
The ogre struggles against the net.
Ijyb is struck by your spines. Ijyb hits you with a +0 dagger.
You hit the ogre.
You kill the ogre!
Ijyb hits you with a +0 dagger.
Your Fighting skill increases to level 4!
You have reached level 5!
Your demonic ancestry asserts itself...
You grow a small tail.
You closely miss Ijyb. Your touch misses Ijyb.
Ijyb is heavily wounded.
Ijyb hits you with a +0 dagger.
You hit Ijyb.
Ijyb is severely wounded.
You hit Ijyb. Your punch misses Ijyb.
Ijyb is severely wounded.
Ijyb zaps a wand.
The bolt of acid hits you!!
You die...

#### ...⌠
###.(##8..8##.
.....#......
....+..... #..##..#
.######).##..#
......g@.....#
......)......+
.........##..#
.........##..#######
#######..##........#
######........#
........##..###
........#####
.........+


You could see Ijyb.

Vanquished Creatures
  An ogre (D:4)
  5 adders
  A worm (D:3)
  2 dart slugs (D:2)
  10 orcs
  2 bats (D:1)
  6 endoplasms
  4 giant cockroaches
  7 goblins
  4 hobgoblins
  6 kobolds
  A quokka (D:2)
  6 ball pythons
  5 frilled lizards
  7 rats
67 creatures vanquished.

Notes
Turn   | Place    | Note
-------+----------+-------------------------------------------
     0 | D:1      | grandjackal the Demonspawn Gladiator began the quest for
                  | the Orb.
     0 | D:1      | Reached XP level 1. HP: 16/16 MP: 1/1
   397 | D:1      | Gained mutation: You are partially covered in sharp spines.
                  | [demonic ancestry]
   397 | D:1      | Reached XP level 2. HP: 17/22 MP: 2/2
   841 | D:2      | Discovered your monstrous ancestry.
   841 | D:2      | Gained mutation: Your touch may inflict minor irresistible
                  | damage on your foes. [demonic ancestry]
   841 | D:2      | Reached XP level 3. HP: 28/28 MP: 3/3
   872 | D:2      | Reached skill level 3 in Fighting
   872 | D:2      | Reached skill level 1 in Unarmed Combat
   909 | D:2      | Gained mutation: Your touch may inflict irresistible damage
                  | on your foes. [demonic ancestry]
   909 | D:2      | Reached XP level 4. HP: 35/35 MP: 4/4
  1088 | D:2      | Found a faded altar of an unknown god.
  1385 | D:3      | Identified the +0 halberd "Aniez" {elec, rF+ rCorr Int+2
                  | SInv}
  2155 | D:4      | Noticed Ijyb
  2157 | D:4      | Noticed an ogre
  2170 | D:4      | Killed an ogre
  2171 | D:4      | Reached skill level 4 in Fighting
  2171 | D:4      | Gained mutation: You have a small tail. [demonic ancestry]
  2171 | D:4      | Reached XP level 5. HP: 16/42 MP: 5/5
  2173 | D:4      | Killed from afar by Ijyb

Illustrated notes

Levels and vault maps discovered:
D:1:      matt_arrival_spirals, layout_loops_ring
D:2:      layout_rooms, ebering_ecumenical_altar_abandoned, minmay_circle_x
D:3:      layout_loops_corners
D:4:      layout_gridville, minitemple, gammafunk_ghost_smash,
          kennysheep_generic_room_12, uniq_menkaure, uniq_ijyb, uniq_natasha

Skill      XL: |  1  2  3  4 |
---------------+-------------+-----
Throwing       | 2 |  2.0
Dodging        | 3 |  3.0
Long Blades    | 3 |  3.1
Fighting       | 3 4 |  4.2
Unarmed Combat | 1 2 |  2.7

Action                     |  1- 3 |  4- 6 || total
---------------------------+-------+-------++-------
  Melee: Long sword        |    75 |     2 ||    77
         Touch             |     4 |     7 ||    11
         Unarmed           |       |    69 ||    69
         Punch             |       |     3 ||     3
  Throw: Throwing net      |       |     2 ||     2
   Stab: Sleeping          |     2 |     1 ||     3
 Armour: Leather armour    |    35 |    24 ||    59
  Dodge: Dodged            |    47 |    36 ||    83

Table legend: (Time is in decaauts)
 A = Elapsed time spent in this place.
 B = Non-inter-level travel time spent in this place.
 C = Inter-level travel time spent in this place.
 D = Time resting spent in this place.
 E = Time spent auto-exploring this place.
 F = Levels seen in this place.
 G = Mean time per level.
                   A        B        C        D        E       F      G
               +--------+--------+--------+--------+--------+-----+--------+
         Total |   2189 |   2119 |     70 |     24 |   1732 |   4 |  547.2 |
       Dungeon |   2189 |   2119 |     70 |     24 |   1732 |   4 |  547.2 |
               +--------+--------+--------+--------+--------+-----+--------+

Top non-repeatable levels by time:
     D:3: 906 daAuts
     D:1: 833 daAuts
     D:2: 394 daAuts
     D:4: 54 daAuts
